 Dungeon Crawl Stone Soup version 0.21.1-1-g345015f (webtiles) character file.

702 wojtek the Cleaver (level 7, -7/59 HPs)
             Began as a Minotaur Fighter on July 21, 2018.
             Was an Initiate of Makhleb.
             Mangled by Duvessa
             ... wielding a +0 short sword of draining
              (9 damage)
             ... on level 5 of the Dungeon.
             The game lasted 00:03:46 (3376 turns).

wojtek the Cleaver (Minotaur Fighter)               Turns: 3376, Time: 00:03:47

Health: -7/59      AC:  8    Str: 23    XL:     7   Next: 39%
Magic:  7/7        EV:  7    Int:  5    God:    Makhleb [......]
Gold:   136        SH:  8    Dex:  9    Spells: 6/6 levels left

rFire    . . .     SeeInvis .   a - +0 war axe
rCold    . . .     Gourm    .   c - +0 shield
rNeg     . . .     Faith    .   b - +0 scale mail
rPois    .         Spirit   .   (helmet restricted)
rElec    .         Reflect  .   (no cloak)
rCorr    .         Harm     .   l - +1 pair of gloves
MR       .....                  (no boots)
Stlth    ..........             (no amulet)
HPRegen  0.19/turn              u - +1 ring of slaying
MPRegen  0.10/turn              (no ring)

@: glowing, heavily drained
A: retaliatory headbutt, horns 2
a: Renounce Religion


You were on level 5 of the Dungeon.
You worshipped Makhleb.
Makhleb was noncommittal.
You were not hungry.

You visited 2 branches of the dungeon, and saw 6 of its levels.

You collected 136 gold pieces.

Inventory:

Hand Weapons
 a - a +0 war axe (weapon)
Armour
 b - a +0 scale mail (worn)
 c - a +0 shield (worn)
 l - a +1 pair of gloves (worn)
Jewellery
 i - an uncursed amulet of guardian spirit {unknown}
 u - a +1 ring of slaying (left hand)
Wands
 p - a wand of acid (9)
 A - a wand of polymorph (15)
Scrolls
 h - a scroll of enchant armour {unknown}
 j - 2 scrolls of enchant weapon {unknown}
 k - 4 scrolls of identify {unknown}
 o - 3 scrolls of magic mapping {unknown}
 q - a scroll of amnesia {unknown}
 r - a scroll of remove curse {unknown}
 s - 3 scrolls of random uselessness {unknown}
 t - a scroll of fog {unknown}
 y - a scroll of teleportation {unknown}
 B - a scroll of blinking {unknown}
Potions
 d - a potion of might
 e - a potion of cancellation {unknown}
 g - 4 potions of resistance {unknown}
 m - 2 potions of magic {unknown}
 n - a potion of haste {unknown}
 v - a potion of heal wounds {unknown}
 w - a potion of invisibility {unknown}
 x - 2 potions of degeneration {unknown}
 z - a potion of flight {unknown}
 C - a potion of brilliance {unknown}
Comestibles
 f - 8 rations
 D - 2 chunks of flesh


   Skills:
 + Level 4.1(2.0) Fighting
 + Level 8.8(6.5) Axes
 + Level 4.1(2.0) Armour
 + Level 1.5(0.0) Dodging
 + Level 4.1(2.0) Shields
 * Level 2.0(0.0) Invocations


You had 6 spell levels left.
You didn't know any spells.

Dungeon Overview and Level Annotations

Branches:
Dungeon (5/15)             Temple (1/1) D:4

Altars:
Cheibriados
Elyvilon
Gozag
Hepliaklqana
Kikubaaqudgha
Makhleb
Nemelex Xobeh
Okawaru
Qazlal
Ru
Sif Muna
Trog
Vehumet
Wu Jian
Xom
Yredelemnul
Zin

Annotations:
D:5 Duvessa


Innate Abilities, Weirdness & Mutations

You reflexively headbutt those who attack you in melee.
You have a pair of horns on your head.


Message History

You are too injured to fight recklessly!
Unknown command.
You are too injured to fight recklessly!
You hit Duvessa but do no damage. You headbutt Duvessa, but do no damage.
Duvessa is heavily wounded.
Duvessa closely misses you. Duvessa hits you but does no damage.
You feel drained.
You hit Duvessa.
Duvessa is heavily wounded.
Duvessa hits you with a short sword of draining!
You feel drained.
* * * LOW HITPOINT WARNING * * *
You slash Duvessa!
Duvessa is severely wounded.
Duvessa hits you with a short sword of draining!
* * * LOW HITPOINT WARNING * * *
You feel drained.
* * * LOW HITPOINT WARNING * * *
Duvessa hits you with a short sword of draining!
You die...

. ### .
..# # #.#
# ... #
###.####
# #######
#.)e...#
# #.....#
#.#@#
###.....#
##.#.#
........#
#....#
###...<.#
#..###
###.....#
#..####.#
..#######
#.......#
#.#
#.#######
#.# #.#
#.####
#.#


You could see Duvessa (berserk).

Vanquished Creatures
  The ghost of inmateoo the Ruffian, an amateur TrFi (D:3)
  A bullfrog (D:4)
  Dowan (D:5)
  A scorpion (D:4)
  A crimson imp (D:4)
  A hound (D:4)
  Jessica (D:2)
  Terence (D:3)
  A worker ant (D:4)
  A hound skeleton (D:4)
  Robin (D:2)
  A gnoll (D:1)
  A howler monkey skeleton (D:3)
  8 adders
  2 oozes
  2 worms
  2 dart slugs
  3 leopard geckos
  2 orcs
  A ball python (D:1)
  3 bat zombies (D:3)
  6 giant cockroaches
  22 goblins
  10 hobgoblins
  8 jackals
  A quokka (D:5)
  3 bats (D:1)
  4 frilled lizards
  6 kobolds
  3 leopard gecko skeletons
  11 rats
110 creatures vanquished.

Notes
Turn   | Place    | Note
-------+----------+-------------------------------------------
     0 | D:1      | wojtek the Minotaur Fighter began the quest for the Orb.
     0 | D:1      | Reached XP level 1. HP: 19/19 MP: 0/0
    29 | D:1      | Reached skill level 3 in Axes
    29 | D:1      | Reached XP level 2. HP: 21/26 MP: 1/1
   102 | D:1      | Reached skill level 4 in Axes
   256 | D:1      | Reached XP level 3. HP: 30/31 MP: 2/2
   882 | D:2      | Reached skill level 5 in Axes
   963 | D:2      | Reached XP level 4. HP: 33/39 MP: 3/3
  1069 | D:2      | Noticed Robin
  1072 | D:2      | Noticed Jessica
  1073 | D:2      | Reached skill level 6 in Axes
  1089 | D:2      | Killed Jessica
  1089 | D:2      | Reached XP level 5. HP: 38/45 MP: 4/4
  1093 | D:2      | Killed Robin
  1553 | D:3      | Found a hazy altar of Hepliaklqana.
  1840 | D:3      | Found a white marble altar of Elyvilon.
  1930 | D:3      | Reached skill level 7 in Axes
  1958 | D:3      | Noticed Terence
  1960 | D:3      | Killed Terence
  2058 | D:3      | Noticed inmateoo's ghost (amateur TrFi)
  2074 | D:3      | Killed inmateoo's ghost
  2074 | D:3      | Reached skill level 8 in Axes
  2074 | D:3      | Reached XP level 6. HP: 26/51 MP: 5/5
  2196 | D:3      | Found an ancient bone altar of Kikubaaqudgha.
  2309 | D:3      | Found a stormy altar of Qazlal.
  2310 | D:3      | Noticed an air elemental
  2312 | D:3      | Noticed a water elemental
  2327 | D:3      | Noticed a fire elemental
  2527 | D:4      | Found a staircase to the Ecumenical Temple.
  2593 | Temple   | Entered the Ecumenical Temple
  2672 | Temple   | Became a worshipper of Makhleb the Destroyer
  2842 | D:4      | Found a deep blue altar of Sif Muna.
  2873 | D:4      | Reached skill level 1 in Invocations
  2873 | D:4      | Reached XP level 7. HP: 46/58 MP: 6/6
  2886 | D:4      | Reached skill level 1 in Dodging
  3015 | D:4      | Found a basalt altar of Yredelemnul.
  3305 | D:5      | Entered Level 5 of the Dungeon
  3362 | D:5      | Noticed Dowan
  3369 | D:5      | Noticed Duvessa
  3372 | D:5      | Killed Dowan
  3376 | D:5      | HP: 2/59 [Duvessa/short sword of draining (1)]
  3376 | D:5      | Mangled by Duvessa

Skill      XL: |  1  2  3  4  5  6  7 |
---------------+----------------------+-----
Axes           | 3 4 5 6 8 |  8.8
Invocations    | 1 2 |  2.0
Dodging        | 1 |  1.5
Fighting       | 4 |  4.1
Armour         | 4 |  4.1
Shields        | 4 |  4.1

Action                   |  1- 3 |  4- 6 |  7- 9 || total
-------------------------+-------+-------+-------++-------
Melee: War axe           |    78 |   157 |    42 ||   277
       Headbutt          |    11 |    21 |    11 ||    43
  Eat: Chunk             |       |     6 |     2 ||     8
Armor: Scale mail        |    33 |    67 |    13 ||   113
Dodge: Dodged            |    25 |    45 |     9 ||    79
Block: Shield            |    36 |    85 |    12 ||   133
